 Dungeon Crawl Stone Soup version 0.28-a0-1117-g0bdd5ba030 (webtiles) character file.

Game seed: 2303209728419186018

239 blank1 the Skirmisher (level 5, 0/69 HPs)
             Began as a Minotaur Fighter on Dec 12, 2021.
             Slain by an orc (2 damage)
             ... on level 3 of the Dungeon.
             The game lasted 00:04:00 (2410 turns).

blank1 the Skirmisher (Minotaur Fighter)            Turns: 2410, Time: 00:04:01

Health: 0/69       AC:  9    Str: 22    XL:     5   Next: 79%
Magic:  4/4        EV:  6    Int:  5    God:
Gold:   133        SH:  8    Dex: 10    Spells: 4/4 levels left

rFire   . . .      SeeInvis .   a - +0 long sword
rCold   . . .      Faith    .   m - +0 kite shield
rNeg    . . .      Spirit   .   n - +0 chain mail
rPois   +          Reflect  .   (helmet restricted)
rElec   .          Harm     .   (no cloak)
rCorr   .          Rampage  .   (no gloves)
Will    .....                   (no boots)
Stlth   ..........              (no amulet)
HPRegen 0.21/turn               j - ring of poison resistance
MPRegen 0.09/turn               (no ring)

@: berserking, very quick
A: horns 2, retaliatory headbutt
a: no special abilities


You were on level 3 of the Dungeon.
You visited 1 branch of the dungeon, and saw 3 of its levels.
You also visited: Sewer.

You collected 133 gold pieces.

Inventory:

Hand Weapons
 a - a +0 long sword (weapon)
Armour
 m - a +0 kite shield (worn)
 n - a +0 chain mail (worn)
Jewellery
 j - a ring of poison resistance (left hand)
Potions
 c - a potion of ambrosia
 d - 2 potions of might
 e - 2 potions of degeneration {unknown}
 g - 3 potions of heal wounds {unknown}
 h - 4 potions of curing {unknown}


   Skills:
 + Level 4.1 Fighting
 + Level 4.1 Long Blades
 - Level 4.0 Armour
 + Level 2.3 Dodging
 - Level 3.1 Stealth
 - Level 4.0 Shields


You had 4 spell levels left.
You didn't know any spells.
Your spell library contained the following spells:

 Spells                   Type           Power      Damage    Failure   Level
 Passwall                 Tmut/Erth      0%         N/A       100%        2
 Swiftness                Air            0%         N/A       100%        3


Dungeon Overview and Level Annotations

Branches:
Dungeon (3/15)              Sewer (visited)

Altars:
Dithmenos

Shops:
D:3 :


Innate Abilities, Weirdness & Mutations

You have a pair of horns on your head.
You reflexively headbutt those who attack you in melee.


Message History

a +0 club; 3 poisoned darts Your chain mail prevents you from hitting the orc priest.
Your headbutt misses the orc priest. You block the kobold's attack.
You block the orc priest's attack. The orc hits you but does no damage.
The kobold hits you but does no damage.
You closely miss the orc priest. Your headbutt misses the orc priest.
You block the orc priest's attack.
The orc hits you from afar with a +0 trident.
The kobold hits you with a +0 dagger.
The orc priest hits you but does no damage.
You hit the orc priest. Your headbutt misses the orc priest.
The orc priest is lightly wounded.
You block the orc's attack. The orc completely misses you.
You furiously retaliate!
You headbutt the orc, but do no damage. The kobold hits you with a +0 dagger.
* * * LOW HITPOINT WARNING * * *
The orc priest hits you with a +0 whip.
* * * LOW HITPOINT WARNING * * *
The orc hits you but does no damage. You block the orc's attack.
You hit the orc priest. You headbutt the orc priest.
The orc priest is heavily wounded.
The kobold hits you with a +0 dagger.
* * * LOW HITPOINT WARNING * * *
The orc priest miscasts a cantrip.
You block the orc's attack. x2; The kobold closely misses you.
The orc priest hits you but does no damage.
A red film seems to cover your vision as you go berserk!
You feel yourself moving faster!
You feel mighty! The orc barely misses you.
The orc hits you from afar with a +0 trident.
* * * LOW HITPOINT WARNING * * *
The kobold hits you with a +0 dagger.
* * * LOW HITPOINT WARNING * * *
The orc priest hits you but does no damage.
You slash the orc priest!
You kill the orc priest!
The orc closely misses you. You block the kobold's attack.
You barely miss the kobold. You headbutt the kobold.
You kill the kobold!
The orc hits you with a +0 hand axe.
You die...

#. # # #. #. .# ### #.
##..#+###. ..# #. .........
#.# #. ##....)## ####.# #.
#....).o## ##.##.# #.
#........o####.....#######.
'........)@................
#........K####...##########
##.......## #..## ##.....##
#.## ##...## #.# ##+# #.#
#.# #.# ..#


You could see 2 orcs and a kobold.

Vanquished Creatures
  A water moccasin (Sewer)
  An orc priest (D:3)
  Terence (D:2)
  2 adders
  A river rat (D:3)
  2 worms (D:2)
  A dart slug (D:1)
  2 orcs (D:3)
  3 endoplasms
  5 giant cockroaches
  3 goblins (D:2)
  3 hobgoblins
  6 ball pythons
  7 bats
  A frilled lizard (D:1)
  6 kobolds
  6 rats
51 creatures vanquished.

Vanquished Creatures (collateral kills)
  A ball python (D:3)
1 creature vanquished.

Grand Total: 52 creatures vanquished

Notes
Turn   | Place    | Note
-------+----------+-------------------------------------------
     0 | D:1      | blank1 the Minotaur Fighter began the quest for the Orb.
     0 | D:1      | Reached XP level 1. HP: 19/19 MP: 0/0
   245 | D:1      | Reached XP level 2. HP: 24/27 MP: 1/1
  1163 | D:2      | Reached skill level 1 in Dodging
  1165 | D:2      | Reached XP level 3. HP: 33/33 MP: 2/2
  1226 | D:2      | Noticed Terence
  1234 | D:2      | Killed Terence
  1677 | D:3      | Reached XP level 4. HP: 15/40 MP: 3/3
  1699 | D:3      | Found Mowi's Book Shoppe.
  1736 | D:3      | Found a shadowy altar of Dithmenos.
  1775 | D:3      | Found a glowing drain.
  1783 | Sewer    | Entered a sewer
  1787 | Sewer    | Reached skill level 1 in Stealth
  1932 | Sewer    | Noticed a water moccasin
  1947 | Sewer    | Killed a water moccasin
  1948 | Sewer    | Reached XP level 5. HP: 14/46 MP: 4/4
  2408 | D:3      | HP: 3/69 [orc (5)]
  2408 | D:3      | HP: 1/69 [kobold (2)]
  2410 | D:3      | Slain by an orc

Illustrated notes

Levels and vault maps discovered:
D:1:      amcnicky_arrival_feature_with_door, layout_basic, serial_glass,
          glass_columns_b, glass_columns_c, due_unseen_surprise
D:2:      layout_loops_ring, minmay_quantized, uniq_terence
D:3:      layout_loops_corners, grunt_dithmenos_smoke_and_mirrors,
          portal_sewer_entry_e, serial_shops, shop

Skill      XL: |  1  2  3  4 |
---------------+-------------+-----
Shields        | 4 |  4.0
Armour         | 4 |  4.0
Fighting       | 4 |  4.1
Dodging        | 1 2 |  2.3
Long Blades    | 3 4 |  4.1
Stealth        | 3 |  3.1

Action                   |  1- 3 |  4- 6 || total
-------------------------+-------+-------++-------
Melee: Long sword        |    75 |    47 ||   122
       Headbutt          |    15 |    13 ||    28
  Use: Scroll            |     5 |       ||     5
       Potion            |       |     1 ||     1
Armor: Scale mail        |    18 |       ||    18
       Chain mail        |    16 |    27 ||    43
Dodge: Dodged            |    25 |    16 ||    41
Block: Buckler           |     9 |       ||     9
       Kite shield       |    18 |    38 ||    56

Table legend: (Time is in decaauts)
 A = Elapsed time spent in this place.
 B = Non-inter-level travel time spent in this place.
 C = Inter-level travel time spent in this place.
 D = Time resting spent in this place.
 E = Time spent auto-exploring this place.
 F = Levels seen in this place.
 G = Mean time per level.
                   A        B        C        D        E       F      G
               +--------+--------+--------+--------+--------+-----+--------+
         Total |   2460 |   2387 |     73 |    115 |   1820 |   4 |  615.0 |
       Dungeon |   2034 |   1961 |     73 |      0 |   1568 |   3 |  678.0 |
         Sewer |    425 |    425 |      0 |    115 |    252 |   1 |  425.0 |
               +--------+--------+--------+--------+--------+-----+--------+

Top non-repeatable levels by time:
     D:2: 970 daAuts
     D:1: 721 daAuts
   Sewer: 425 daAuts
     D:3: 342 daAuts
